 Dungeon Crawl Stone Soup version 0.30-a0-121-gb27577e5d9 (webtiles) character file.

Game seed: 3841631206332174729

14 KittyKat the Grave Robber (level 2, -7/19 HPs)
             Began as a Demonspawn Necromancer on Sept 14, 2022.
             Engulfed by a cloud of flame (12 damage)
             ... on level 1 of the Dungeon.
             The game lasted 00:01:10 (871 turns).

KittyKat the Grave Robber (Demonspawn Necromancer)   Turns: 871, Time: 00:01:11

Health: -7/19      AC:  2    Str:  8    XL:     2   Next: 27%
Magic:  5/5        EV: 12    Int: 16    God:
Gold:   27         SH:  0    Dex: 13    Spells: 4/5 levels left

rFire   . . .      SeeInvis .    d - +0 dagger
rCold   . . .      Faith    .    (no shield)
rNeg    . . .      Spirit   .    a - +0 robe
rPois   .          Reflect  .    (no helmet)
rElec   .          Harm     .    (no cloak)
rCorr   .          Rampage  .    (no gloves)
Will    .....                    (no boots)
Stlth   ++........               (no amulet)
HPRegen 0.06/turn                (no ring)
MPRegen 0.09/turn                (no ring)

@: no status effects
A: demonic guardian 1
a: no special abilities


You were on level 1 of the Dungeon.
You visited 1 branch of the dungeon, and saw 1 of its levels.

You collected 27 gold pieces.

Inventory:

Hand Weapons
 d - a +0 dagger (weapon)
Armour
 a - a +0 robe (worn)
 k - a +0 leather armour
Jewellery
 c - an amulet of faith
Scrolls
 g - a scroll of torment {unknown}
 h - a scroll of brand weapon {unknown}
 i - 2 scrolls of teleportation {unknown}
 l - a scroll of magic mapping {unknown}
Potions
 b - a potion of magic
 e - 2 potions of mutation {unknown}
 f - a potion of haste {unknown}
 j - a potion of heal wounds {unknown}


   Skills:
 - Level 1.7 Dodging
 - Level 1.7 Stealth
 + Level 2.0 Spellcasting
 * Level 5.0 Necromancy


You had 4 spell levels left.
You knew the following spells:

 Your Spells              Type           Power      Damage    Failure   Level
a - Necrotise             Necr           68%        1d7       2%          1

Your spell library contained the following spells:

 Spells                   Type           Power      Damage    Failure   Level
 Vampiric Draining        Necr           17%        2d7       8%          3
 Animate Dead             Necr           17%        N/A       26%         4
 Agony                    Necr           17%        N/A       58%         5


Dungeon Overview and Level Annotations

Branches:
Dungeon (1/15)

Altars:


Innate Abilities, Weirdness & Mutations

A weak demonic guardian rushes to your aid.


Message History

The kobold is moderately wounded.
The kobold barely misses you.
The rat bites the bush but does no damage.
The frilled lizard bites the bush but does no damage.
The rat bites the bush.
You hit the kobold.
You kill the kobold!
The rat bites the bush but does no damage.
The frilled lizard bites the bush but does no damage.
You hit the rat.
You kill the rat!
You hit the rat but do no damage. The rat closely misses you.
The frilled lizard bites the bush but does no damage.
You closely miss the rat. The rat misses you.
The frilled lizard bites the bush but does no damage.
You hit the rat.
You kill the rat!
You closely miss the frilled lizard. The frilled lizard closely misses you.
You closely miss the frilled lizard. The frilled lizard barely misses you.
You hit the frilled lizard but do no damage.
The frilled lizard bites you but does no damage.
You barely miss the frilled lizard. The frilled lizard barely misses you.
You miss the frilled lizard. Your punch misses the frilled lizard.
The frilled lizard bites you but does no damage.
You miss the frilled lizard. The frilled lizard barely misses you.
You closely miss the frilled lizard. The frilled lizard barely misses you.
You hit the frilled lizard.
You kill the frilled lizard!
Items here: ( )))) †††.
You see here a frilled lizard skeleton.
You see here a +0 short sword.
Really walk into that cloud of flame? [Y]es or [N]o only, please.
Really walk into that cloud of flame?
Really walk into a travel-excluded area? [Y]es or [N]o only, please.
Really walk into a travel-excluded area?
You are engulfed in blazing flames.
Ouch! That really hurt!
You die...

#.#.#.#.# #...# #.....
#.#.#.#.# ##### ######
#.#.#.#.# #########
♣♣P♣♣♣##♣ ##P#..~PP#
#P#.÷§§.PPP#P
####P.......#...
#...)÷).@§§.#.. #..#
#.##P.......#..P #..#
#.###P...÷÷P.PPP #..# #.#
♣#P...#PPPPP #..# # #.##
♣♣#♣P♣♣##♣ ###..# #
#..##### ## #####....# #
#......# .........# #
#......# .........####
#......###########.......


There were no monsters in sight!

Vanquished Creatures
  A giant cockroach (D:1)
  2 hobgoblins (D:1)
  A quokka (D:1)
  2 ball pythons (D:1)
  A frilled lizard (D:1)
  6 kobolds (D:1)
  2 rats (D:1)
15 creatures vanquished.

Vanquished Creatures (others)
  3 plants (D:1)
3 creatures vanquished.

Grand Total: 18 creatures vanquished

Notes
Turn   | Place    | Note
-------+----------+-------------------------------------------
     0 | D:1      | KittyKat the Demonspawn Necromancer began the quest for the
                  | Orb.
     0 | D:1      | Reached XP level 1. HP: 13/13 MP: 3/3
   833 | D:1      | Gained mutation: A weak demonic guardian rushes to your
                  | aid. [demonic ancestry]
   833 | D:1      | Reached XP level 2. HP: 19/19 MP: 3/5
   850 | D:1      | Reached skill level 5 in Necromancy
   871 | D:1      | Engulfed by a cloud of flame

Illustrated notes

Levels and vault maps discovered:
D:1:      minmay_arrival_radiant_lines, layout_basic, lexackson_kobold_supper

Skill      XL: |  1  2 |
---------------+-------+-----
Necromancy     | 5 |  5.0
Dodging        | |  1.7
Stealth        | |  1.7
Spellcasting   | |  2.0

Action                   || total
-------------------------++-------
Melee: Dagger            ||    44
 Cast: Necrotise         ||    10
Armor: Robe              ||     5
Dodge: Dodged            ||    23

Table legend: (Time is in decaauts)
 A = Elapsed time spent in this place.
 B = Non-inter-level travel time spent in this place.
 C = Inter-level travel time spent in this place.
 D = Time resting spent in this place.
 E = Time spent auto-exploring this place.
 F = Levels seen in this place.
 G = Mean time per level.
                   A        B        C        D        E       F      G
               +--------+--------+--------+--------+--------+-----+--------+
         Total |    870 |    870 |      0 |    255 |    488 |   1 |  870.0 |
       Dungeon |    870 |    870 |      0 |    255 |    488 |   1 |  870.0 |
               +--------+--------+--------+--------+--------+-----+--------+

Top non-repeatable levels by time:
     D:1: 870 daAuts
